[ AOE2 MATCH · #513712236 ]
UnrankedVietnamese vs Civ #60
Player's team · LOSS
Rival team · WIN
[ REPLAY ANALYSIS · EXTRACTED FROM THE RECORDED GAME ]
Feudal
14:13
Castle
23:39
Imperial
41:41
| APM avg | 61.3 |
| APM peak | 94 |
| eAPM avg | 34.4 |
| Villagers / military | 250 / 63 |
Focus
⚔️ 33.5% · 🌾 66.5%
Hulk ×26 · Fishing Ship ×18 · Battle Elephant ×11 · Rattan Archer ×10 · Monk ×6 · Petard ×3
Feudal
14:13
Castle
20:44
Imperial
40:48
| APM avg | 58.8 |
| APM peak | 123 |
| eAPM avg | 29.1 |
| Villagers / military | 120 / 22 |
Focus
⚔️ 31.4% · 🌾 68.6%
Unknown (2705) ×34 · Fishing Ship ×24 · Spearman ×6 · Hulk ×4 · Trebuchet (Packed) ×4 · Longboat ×3
Match map
Initial resources + every placement click. Lines = walls · curves = elevation contours. ◆ gold · ⬟ stone · ● berries · ✦ relic · ◌ wall gap
Your base· Open — 3t gap
cabdelbrillo's base· Open — 5t gap
Smoothed initial terrain · ◌ = detected wall gap · hover for details
Inputs per minute
— CeCa_Sebanico010 - - cabdelbrillo
Build order — CeCa_Sebanico010
First 150 of 476 actions detected
| 0:32 | Build | Town Center |
| 2:20 | Build | Dock |
| 2:21 | Build | House |
| 2:27 | Queue | Villager (Male) |
| 2:28 | Queue | Villager (Male) |
| 2:28 | Queue | Villager (Male) |
| 2:30 | Queue | Villager (Male) |
| 3:09 | Research | Loom |
| 3:11 | Queue | Villager (Male) |
| 3:11 | Queue | Villager (Male) |
| 3:36 | Queue | Fishing Ship |
| 3:36 | Queue | Fishing Ship |
| 4:46 | Queue | Fishing Ship |
| 4:46 | Queue | Fishing Ship |
| 5:04 | Queue | Villager (Male) |
| 5:04 | Queue | Villager (Male) |
| 5:38 | Queue | Villager (Male) |
| 5:40 | Build | House |
| 5:45 | Build | House |
| 5:47 | Build | Palisade Wall |
| 6:03 | Queue | Villager (Male) |
| 6:12 | Queue | Fishing Ship |
| 6:12 | Queue | Fishing Ship |
| 6:41 | Build | Palisade Wall |
| 6:50 | Queue | Villager (Male) |
| 6:50 | Queue | Villager (Male) |
| 6:50 | Queue | Villager (Male) |
| 7:06 | Queue | Villager (Male) |
| 7:06 | Queue | Villager (Male) |
| 7:08 | Build | House |
| 7:31 | Queue | Villager (Male) |
| 7:31 | Queue | Villager (Male) |
| 7:42 | Build | Palisade Gate |
| 7:42 | Queue | Villager (Male) |
| 7:42 | Queue | Villager (Male) |
| 7:43 | Queue | Villager (Male) |
| 7:44 | Queue | Fishing Ship |
| 8:15 | Queue | Villager (Male) |
| 8:24 | Queue | Villager (Male) |
| 8:24 | Queue | Villager (Male) |
| 8:32 | Queue | Villager (Male) |
| 8:33 | Queue | Fishing Ship |
| 8:54 | Queue | Fishing Ship |
| 8:54 | Queue | Fishing Ship |
| 9:01 | Queue | Villager (Male) |
| 9:03 | Queue | Villager (Male) |
| 9:03 | Queue | Villager (Male) |
| 9:07 | Queue | Villager (Male) |
| 9:07 | Queue | Villager (Male) |
| 9:24 | Build | Mill |
| 9:43 | Build | Outpost |
| 9:46 | Queue | Villager (Male) |
| 10:00 | Queue | Fishing Ship |
| 10:05 | Queue | Villager (Male) |
| 10:05 | Queue | Villager (Male) |
| 10:23 | Build | House |
| 10:35 | Build | Palisade Wall |
| 10:42 | Queue | Villager (Male) |
| 10:58 | Queue | Villager (Male) |
| 11:00 | Build | Mining Camp |
| 11:10 | Queue | Villager (Male) |
| 12:03 | Research | Feudal Age |
| 12:03 | Research | Feudal Age |
| 12:27 | Build | Dock |
| 12:29 | Queue | Villager (Male) |
| 12:59 | Queue | Villager (Male) |
| 13:11 | Queue | Fishing Ship |
| 13:12 | Queue | Fishing Ship |
| 13:37 | Queue | Villager (Male) |
| 13:48 | Queue | Villager (Male) |
| 13:48 | Queue | Villager (Male) |
| 13:48 | Queue | Villager (Male) |
| 13:50 | Build | House |
| 13:53 | Queue | Villager (Male) |
| 14:13 | Age | Feudal Age |
| 14:16 | Queue | Hulk ×5 |
| 14:16 | Queue | Hulk ×5 |
| 14:16 | Queue | Hulk ×5 |
| 14:21 | Queue | Villager (Male) |
| 14:22 | Queue | Villager (Male) |
| 14:23 | Queue | Villager (Male) |
| 14:26 | Queue | Villager (Male) |
| 14:26 | Queue | Villager (Male) |
| 14:27 | Queue | Villager (Male) |
| 14:34 | Build | House |
| 14:37 | Build | Outpost |
| 14:41 | Queue | Villager (Male) |
| 14:47 | Queue | Villager (Male) |
| 14:51 | Build | Lumber Camp |
| 14:54 | Queue | Villager (Male) |
| 15:16 | Queue | Villager (Male) |
| 15:19 | Queue | Villager (Male) |
| 15:26 | Queue | Hulk |
| 15:27 | Queue | Hulk |
| 15:43 | Queue | Hulk |
| 15:52 | Queue | Villager (Male) |
| 15:53 | Queue | Villager (Male) |
| 15:56 | Build | House |
| 15:57 | Queue | Villager (Male) |
| 16:08 | Queue | Villager (Male) |
| 16:10 | Queue | Villager (Male) |
| 16:10 | Queue | Villager (Male) |
| 16:12 | Queue | Fishing Ship |
| 16:19 | Queue | Villager (Male) |
| 16:24 | Queue | Hulk |
| 16:25 | Queue | Villager (Male) |
| 16:25 | Queue | Villager (Male) |
| 16:25 | Queue | Villager (Male) |
| 16:28 | Build | House |
| 16:44 | Build | Palisade Wall |
| 16:46 | Build | Palisade Wall |
| 16:48 | Build | Palisade Wall |
| 16:58 | Queue | Hulk |
| 16:58 | Queue | Hulk |
| 17:08 | Build | Watch Tower |
| 17:10 | Queue | Fishing Ship |
| 17:11 | Queue | Fishing Ship |
| 17:32 | Queue | Villager (Male) |
| 17:38 | Queue | Villager (Male) |
| 17:38 | Queue | Villager (Male) |
| 17:38 | Queue | Villager (Male) |
| 17:41 | Build | Mill |
| 17:42 | Queue | Fishing Ship |
| 17:52 | Queue | Villager (Male) |
| 17:55 | Queue | Villager (Male) |
| 17:56 | Queue | Villager (Male) |
| 18:04 | Queue | Hulk |
| 18:04 | Queue | Hulk |
| 18:08 | Queue | Villager (Male) |
| 18:11 | Build | Palisade Wall |
| 18:12 | Build | Palisade Wall |
| 18:12 | Build | Palisade Wall |
| 18:12 | Build | Palisade Wall |
| 18:13 | Build | Palisade Wall |
| 18:13 | Build | Palisade Wall |
| 18:25 | Queue | Fishing Ship |
| 18:31 | Queue | Villager (Male) |
| 18:31 | Queue | Villager (Male) |
| 18:48 | Queue | Villager (Male) |
| 18:54 | Queue | Villager (Male) |
| 19:23 | Queue | Villager (Male) |
| 19:25 | Build | Market |
| 19:33 | Queue | Villager (Male) |
| 19:34 | Queue | Villager (Male) |
| 19:35 | Build | House |
| 19:58 | Queue | Villager (Male) |
| 20:01 | Build | Mining Camp |
| 20:05 | Build | Mining Camp |
| 20:21 | Queue | Hulk |
| 20:29 | Queue | Villager (Male) |
Build order — cabdelbrillo
First 150 of 308 actions detected
| 0:08 | Build | Town Center |
| 0:29 | Build | Dock |
| 0:33 | Build | House |
| 2:19 | Queue | Villager (Male) |
| 2:20 | Queue | Villager (Male) |
| 2:20 | Queue | Villager (Male) |
| 2:20 | Queue | Villager (Male) |
| 2:21 | Queue | Villager (Male) |
| 3:03 | Build | House |
| 3:09 | Build | House |
| 3:33 | Queue | Villager (Male) |
| 3:33 | Queue | Villager (Male) |
| 3:34 | Queue | Villager (Male) |
| 4:12 | Queue | Fishing Ship |
| 4:13 | Queue | Fishing Ship |
| 4:15 | Build | House |
| 4:27 | Research | Loom |
| 4:27 | Research | Loom |
| 4:27 | Research | Loom |
| 4:38 | Queue | Villager (Male) |
| 4:38 | Queue | Villager (Male) |
| 5:13 | Queue | Fishing Ship |
| 5:13 | Queue | Fishing Ship |
| 5:13 | Queue | Fishing Ship |
| 5:23 | Queue | Villager (Male) |
| 5:23 | Queue | Villager (Male) |
| 5:24 | Queue | Villager (Male) |
| 5:41 | Queue | Fishing Ship |
| 5:41 | Queue | Fishing Ship |
| 6:00 | Queue | Villager (Male) |
| 6:00 | Queue | Villager (Male) |
| 6:01 | Queue | Villager (Male) |
| 6:06 | Build | House |
| 6:27 | Queue | Fishing Ship |
| 6:27 | Queue | Fishing Ship |
| 6:28 | Queue | Fishing Ship |
| 6:30 | Queue | Villager (Male) |
| 6:30 | Queue | Villager (Male) |
| 6:30 | Queue | Villager (Male) |
| 6:55 | Queue | Villager (Male) |
| 6:55 | Queue | Villager (Male) |
| 6:59 | Queue | Fishing Ship |
| 7:00 | Queue | Fishing Ship |
| 7:08 | Queue | Villager (Male) |
| 7:09 | Queue | Villager (Male) |
| 7:46 | Queue | Villager (Male) |
| 7:46 | Queue | Villager (Male) |
| 7:47 | Queue | Villager (Male) |
| 7:55 | Build | House |
| 8:01 | Queue | Fishing Ship |
| 8:01 | Queue | Fishing Ship |
| 8:26 | Build | House |
| 8:28 | Queue | Villager (Male) |
| 8:35 | Queue | Fishing Ship |
| 8:35 | Queue | Fishing Ship |
| 8:59 | Queue | Villager (Male) |
| 9:16 | Build | Mill |
| 9:43 | Queue | Villager (Male) |
| 9:43 | Queue | Villager (Male) |
| 9:56 | Queue | Fishing Ship |
| 10:02 | Queue | Villager (Male) |
| 10:20 | Build | Palisade Wall |
| 10:24 | Build | Palisade Wall |
| 10:25 | Build | Palisade Wall |
| 10:27 | Build | Palisade Wall |
| 10:30 | Build | Palisade Wall |
| 10:42 | Queue | Villager (Male) |
| 10:48 | Build | House |
| 11:29 | Build | Mining Camp |
| 11:30 | Queue | Villager (Male) |
| 11:39 | Build | Dock |
| 12:03 | Research | Feudal Age |
| 12:04 | Research | Feudal Age |
| 12:04 | Research | Feudal Age |
| 12:21 | Build | House |
| 12:53 | Queue | Villager (Male) |
| 14:13 | Age | Feudal Age |
| 14:15 | Queue | Villager (Male) |
| 14:17 | Queue | Fire Galley |
| 14:17 | Queue | Hulk |
| 14:22 | Queue | Hulk |
| 14:26 | Queue | Villager (Male) |
| 14:30 | Research | Gold Mining |
| 14:30 | Research | Gold Mining |
| 14:33 | Queue | Villager (Male) |
| 14:49 | Queue | Villager (Male) |
| 15:00 | Build | Dock |
| 15:16 | Queue | Villager (Male) |
| 15:55 | Queue | Fire Galley |
| 15:55 | Queue | Hulk |
| 15:57 | Build | House |
| 16:16 | Queue | Villager (Male) |
| 16:18 | Build | House |
| 16:49 | Build | Market |
| 16:51 | Queue | Villager (Male) |
| 17:03 | Queue | Hulk |
| 17:32 | Build | Blacksmith |
| 17:38 | Queue | Villager (Male) |
| 18:03 | Research | Castle Age |
| 18:04 | Research | Castle Age |
| 18:04 | Research | Castle Age |
| 18:07 | Build | Mining Camp |
| 18:23 | Build | Palisade Wall |
| 19:18 | Queue | Villager (Male) |
| 20:00 | Queue | Villager (Male) |
| 20:15 | Queue | Villager (Male) |
| 20:42 | Queue | Villager (Male) |
| 20:44 | Age | Castle Age |
| 20:45 | Queue | Villager (Male) |
| 20:55 | Queue | Villager (Male) |
| 21:04 | Queue | Longboat |
| 21:04 | Queue | Longboat |
| 21:06 | Queue | Villager (Male) |
| 21:14 | Queue | Villager (Male) |
| 21:33 | Queue | Villager (Male) |
| 21:37 | Queue | Longboat |
| 21:40 | Queue | Villager (Male) |
| 21:41 | Research | Fletching |
| 21:41 | Research | Fletching |
| 22:15 | Queue | Villager (Male) |
| 22:15 | Queue | Villager (Male) |
| 22:58 | Build | Castle |
| 23:00 | Queue | Villager (Male) |
| 23:44 | Queue | Villager (Male) |
| 23:55 | Queue | Villager (Male) |
| 24:00 | Build | Town Center |
| 24:35 | Queue | Fishing Ship |
| 24:35 | Queue | Fishing Ship |
| 24:35 | Queue | Fishing Ship |
| 25:29 | Queue | Villager (Male) |
| 25:30 | Queue | Villager (Male) |
| 25:33 | Queue | Fishing Ship |
| 25:33 | Queue | Fishing Ship |
| 25:50 | Queue | Villager (Male) |
| 26:02 | Queue | Villager (Male) |
| 26:24 | Queue | Unit 2705 |
| 26:24 | Queue | Unit 2705 |
| 26:24 | Queue | Unit 2705 |
| 26:25 | Queue | Unit 2705 |
| 26:25 | Queue | Unit 2705 |
| 26:57 | Queue | Villager (Male) |
| 27:16 | Queue | Villager (Male) |
| 27:16 | Queue | Villager (Male) |
| 27:16 | Queue | Villager (Male) |
| 27:18 | Build | Farm |
| 27:18 | Build | Farm |
| 27:19 | Build | Farm |
| 27:20 | Build | Farm |
| 27:25 | Queue | Fishing Ship |
| 27:35 | Queue | Unit 2705 |
Match timeline
| 0:29 | cabdelbrillo · first_building Dock |
| 2:20 | CeCa_Sebanico010 · first_building Dock |
| 5:47 | CeCa_Sebanico010 · wall_segment Palisade Wall x5 |
| 6:41 | CeCa_Sebanico010 · wall_segment Palisade Wall x1 |
| 10:20 | cabdelbrillo · wall_segment Palisade Wall x1 |
| 10:24 | cabdelbrillo · wall_segment Palisade Wall x1 |
| 10:25 | cabdelbrillo · wall_segment Palisade Wall x1 |
| 10:27 | cabdelbrillo · wall_segment Palisade Wall x1 |
| 10:30 | cabdelbrillo · wall_segment Palisade Wall x1 |
| 10:35 | CeCa_Sebanico010 · wall_segment Palisade Wall x1 |
| 14:13 | CeCa_Sebanico010 · age_up feudal |
| 14:13 | cabdelbrillo · age_up feudal |
| 16:44 | CeCa_Sebanico010 · wall_segment Palisade Wall x1 |
| 16:46 | CeCa_Sebanico010 · wall_segment Palisade Wall x1 |
| 16:48 | CeCa_Sebanico010 · wall_segment Palisade Wall x1 |
| 18:11 | CeCa_Sebanico010 · wall_segment Palisade Wall x1 |
| 18:12 | CeCa_Sebanico010 · wall_segment Palisade Wall x1 |
| 18:12 | CeCa_Sebanico010 · wall_segment Palisade Wall x1 |
| 18:12 | CeCa_Sebanico010 · wall_segment Palisade Wall x2 |
| 18:13 | CeCa_Sebanico010 · wall_segment Palisade Wall x1 |
| 18:13 | CeCa_Sebanico010 · wall_segment Palisade Wall x1 |
| 18:23 | cabdelbrillo · wall_segment Palisade Wall x1 |
| 20:44 | cabdelbrillo · age_up castle |
| 22:13 | CeCa_Sebanico010 · wall_segment Stone Wall x8 |
| 22:15 | CeCa_Sebanico010 · wall_segment Stone Wall x3 |
| 22:58 | cabdelbrillo · first_building Castle |
| 23:39 | CeCa_Sebanico010 · age_up castle |
| 24:11 | CeCa_Sebanico010 · wall_segment Stone Wall x3 |
| 24:14 | CeCa_Sebanico010 · wall_segment Stone Wall x9 |
| 24:40 | CeCa_Sebanico010 · first_building Monastery |
| 25:50 | CeCa_Sebanico010 · first_market_buy 100 stone |
| 26:47 | CeCa_Sebanico010 · first_building Castle |
| 29:51 | CeCa_Sebanico010 · first_building Siege Workshop |
| 31:50 | cabdelbrillo · first_building Siege Workshop |
| 37:28 | cabdelbrillo · first_market_sell 100 wood |
| 37:29 | cabdelbrillo · first_market_buy 100 food |
| 37:43 | CeCa_Sebanico010 · first_market_sell 100 stone |
| 38:48 | CeCa_Sebanico010 · first_building Barracks |
| 38:59 | CeCa_Sebanico010 · wall_segment Stone Wall x8 |
| 39:38 | CeCa_Sebanico010 · first_building Stable |
| 40:18 | CeCa_Sebanico010 · wall_segment Stone Wall x8 |
| 40:48 | cabdelbrillo · age_up imperial |
| 41:41 | CeCa_Sebanico010 · age_up imperial |
| 42:06 | cabdelbrillo · first_building Barracks |
| 44:21 | CeCa_Sebanico010 · resign |
[ AI ANALYSIS · 1 CREDIT ]
What really happened in this match?
Wolo.gg analyzes every decision: build order, eco, micro, common mistakes by bracket. Personalized analysis on WhatsApp or Discord in 30 seconds.
Civ guide
Vietnamese
Perfil
Jugador #4401655